 Dungeon Crawl Stone Soup version 0.29.0-7-g18a832c13a (webtiles) character file.

Game seed: 5934251620807065648

155 Renzlar the Shield-Bearer (level 5, -2/47 HPs)
             Began as a Gnoll Fighter on Aug 31, 2022.
             Killed by divine providence
             ... invoked by an orc priest
              (12 damage)
             ... on level 3 of the Dungeon.
             The game lasted 00:07:42 (2227 turns).

Renzlar the Shield-Bearer (Gnoll Fighter)           Turns: 2227, Time: 00:07:42

Health: -2/47      AC: 11    Str: 17    XL:     5   Next: 37%
Magic:  7/7        EV:  4    Int:  8    God:
Gold:   113        SH:  0    Dex: 11    Spells: 7/7 levels left

rFire   . . .      SeeInvis .   a - +0 war axe
rCold   . . .      Faith    .   f - +0 tower shield
rNeg    . . .      Spirit   .   k - +0 chain mail
rPois   +          Reflect  .   i - +0 helmet
rElec   .          Harm     .   (no cloak)
rCorr   .          Rampage  .   (no gloves)
Will    .....                   (no boots)
Stlth   ..........              (no amulet)
HPRegen 0.15/turn               l - ring of poison resistance
MPRegen 0.10/turn               (no ring)

@: confused, ambrosia-drunk
A: fangs 1, strong nose, distributed training
a: no special abilities


You were on level 3 of the Dungeon.
You visited 1 branch of the dungeon, and saw 3 of its levels.

You collected 113 gold pieces.

Inventory:

Hand Weapons
 a - a +0 war axe (weapon)
Missiles
 e - 7 poisoned darts (quivered)
 g - a throwing net
Armour
 b - a +0 scale mail
 c - a +0 buckler
 f - a +0 tower shield (worn)
 i - a +0 helmet (worn)
 k - a +0 chain mail (worn)
Jewellery
 l - a ring of poison resistance (left hand)
Scrolls
 n - 2 scrolls of fear {unknown}
Potions
 d - 2 potions of might
 h - a potion of heal wounds {unknown}
 j - a potion of ambrosia
 m - a potion of resistance {unknown}


   Skills:
 + Level 6.7 Fighting
 + Level 1.5 Short Blades
 + Level 1.5 Long Blades
 + Level 4.8 Axes
 + Level 1.5 Maces & Flails
 + Level 1.5 Polearms
 + Level 1.5 Staves
 + Level 1.5 Ranged Weapons
 + Level 1.5 Throwing
 + Level 6.7 Armour
 + Level 1.5 Dodging
 + Level 1.5 Stealth
 + Level 6.7 Shields
 + Level 1.5 Unarmed Combat
 + Level 1.5 Spellcasting
 + Level 1.2 Conjurations
 + Level 1.2 Hexes
 + Level 1.2 Summonings
 + Level 1.2 Necromancy
 + Level 1.2 Translocations
 + Level 1.2 Transmutations
 + Level 1.2 Fire Magic
 + Level 1.2 Ice Magic
 + Level 1.2 Air Magic
 + Level 1.2 Earth Magic
 + Level 1.2 Poison Magic
 + Level 1.7 Invocations
 + Level 1.5 Evocations


You had 7 spell levels left.
You didn't know any spells.
Your spell library was empty.

Dungeon Overview and Level Annotations

Branches:
Dungeon (3/15)

Altars:
Cheibriados


Innate Abilities, Weirdness & Mutations

You have very sharp teeth.
Your uncanny sense of smell can sniff out nearby items.
Your experience applies equally to all skills.


Message History

The white imp disappears in a puff of smoke!
Natasha claws you. You block Natasha's attack. x2
You slash Natasha!
Natasha is almost dead.
Natasha claws you but does no damage. x2
You slash Natasha!
You kill Natasha!
Natasha screams in pain as she dies!
The shadow imp disappears in a puff of smoke!
Press: ? - help, v - describe, . - travel
Here: an orc priest, wielding a +1 morningstar of holy wrath and wearing a +0 chain mail The floor.
You barely miss the orc priest.
The orc priest hits you with a +1 morningstar of holy wrath!
You block the orc priest's attack.
You hit the orc priest.
The orc priest is lightly wounded.
You feel yourself speed up. You block the orc priest's attack.
The orc priest hits you with a +1 morningstar of holy wrath!
You hit the orc priest but do no damage.
The orc priest is lightly wounded.
The orc priest barely misses you.
The orc priest hits you but does no damage.
You hit the orc priest.
You bite the orc priest, but do no damage.
The orc priest is moderately wounded.
The orc priest barely misses you.
You hit the orc priest. Your bite misses the orc priest.
The orc priest is severely wounded.
You block the orc priest's attack.
The orc priest invokes the aid of Beogh against you.
Beogh smites you!
* * * LOW HITPOINT WARNING * * *
It was a potion of ambrosia.
You are confused.
You feel invigorated.
The orc priest mumbles some strange prayers to Beogh against you.
Beogh smites you!
You die...

.# #. #.# #. #.#.# #........
####### #.. #.#.# #.........
....... #.. #.#.# #.........
####### ...#.#.# #.........
..#.#.#.#.# #.......# ∆
......o.#.# #.......##
#...#@#.#####.........
#######...#.#.#...'.........
...#
#.....#...#.....###.......#
.(.#
#.###.#...#.#.#####.#######
..)#
#.###.#...#.#.............#
...#
#.#...#.....#.......#####.#
...# #....##.#...........#
...###...................#
...........#.##.....##.#.#


You could see an orc priest.

Vanquished Creatures
  Natasha (D:3)
  5 gnolls
  2 adders (D:2)
  A worm (D:2)
  2 dart slugs (D:1)
  4 orcs (D:3)
  7 endoplasms
  5 goblins
  4 hobgoblins
  7 kobolds
  A quokka (D:2)
  8 ball pythons
  2 bats
  4 frilled lizards (D:1)
  6 rats
59 creatures vanquished.

Notes
Turn   | Place    | Note
-------+----------+-------------------------------------------
     0 | D:1      | Renzlar the Gnoll Fighter began the quest for the Orb.
     0 | D:1      | Reached XP level 1. HP: 23/23 MP: 1/1
   142 | D:1      | Reached XP level 2. HP: 27/29 MP: 2/2
   347 | D:1      | Reached XP level 3. HP: 31/35 MP: 3/3
   677 | D:1      | Reached skill level 1 in Invocations
   696 | D:1      | Found a faded altar of an unknown god.
   833 | D:2      | Reached skill level 1 in Short Blades
   833 | D:2      | Reached skill level 1 in Long Blades
   833 | D:2      | Reached skill level 1 in Maces & Flails
   833 | D:2      | Reached skill level 1 in Polearms
   833 | D:2      | Reached skill level 1 in Staves
   833 | D:2      | Reached skill level 1 in Ranged Weapons
   833 | D:2      | Reached skill level 1 in Throwing
   833 | D:2      | Reached skill level 1 in Dodging
   833 | D:2      | Reached skill level 1 in Stealth
   833 | D:2      | Reached skill level 1 in Unarmed Combat
   833 | D:2      | Reached skill level 1 in Spellcasting
   833 | D:2      | Reached skill level 1 in Evocations
   851 | D:1      | Reached XP level 4. HP: 6/41 MP: 5/5
  1195 | D:2      | Found a snail-covered altar of Cheibriados.
  1258 | D:2      | Reached skill level 1 in Conjurations
  1258 | D:2      | Reached skill level 1 in Hexes
  1258 | D:2      | Reached skill level 1 in Summonings
  1258 | D:2      | Reached skill level 1 in Necromancy
  1258 | D:2      | Reached skill level 1 in Translocations
  1258 | D:2      | Reached skill level 1 in Transmutations
  1258 | D:2      | Reached skill level 1 in Fire Magic
  1258 | D:2      | Reached skill level 1 in Ice Magic
  1258 | D:2      | Reached skill level 1 in Air Magic
  1258 | D:2      | Reached skill level 1 in Earth Magic
  1258 | D:2      | Reached skill level 1 in Poison Magic
  1752 | D:2      | Reached XP level 5. HP: 47/47 MP: 7/7
  2209 | D:3      | Noticed Natasha
  2221 | D:3      | Killed Natasha
  2227 | D:3      | Killed from afar by an orc priest

Illustrated notes

Levels and vault maps discovered:
D:1:      roderic_chinese_lattice_arrival, layout_basic, serial_curves,
          eino_curves_04, eino_curves_04, eino_curves_02, eino_curves_02,
          hellmonk_ecumenical_altar_heavens_door
D:2:      layout_basic, basic_altar
D:3:      layout_basic, uniq_natasha

Skill      XL: |  1  2  3  4 |
---------------+-------------+-----
Invocations    | 1 |  1.7
Short Blades   | 1 |  1.5
Long Blades    | 1 |  1.5
Maces & Flails | 1 |  1.5
Polearms       | 1 |  1.5
Staves         | 1 |  1.5
Ranged Weapons | 1 |  1.5
Throwing       | 1 |  1.5
Dodging        | 1 |  1.5
Stealth        | 1 |  1.5
Unarmed Combat | 1 |  1.5
Spellcasting   | 1 |  1.5
Evocations     | 1 |  1.5
Conjurations   | 1 |  1.2
Hexes          | 1 |  1.2
Summonings     | 1 |  1.2
Necromancy     | 1 |  1.2
Translocations | 1 |  1.2
Transmutations | 1 |  1.2
Fire Magic     | 1 |  1.2
Ice Magic      | 1 |  1.2
Air Magic      | 1 |  1.2
Earth Magic    | 1 |  1.2
Poison Magic   | 1 |  1.2
Fighting       | |  6.7
Axes           | |  4.8
Armour         | |  6.7
Shields        | |  6.7

Action                   |  1- 3 |  4- 6 || total
-------------------------+-------+-------++-------
Melee: War axe           |    69 |    95 ||   164
       Bite              |     5 |    13 ||    18
  Use: Scroll            |     2 |     1 ||     3
       Potion            |       |     1 ||     1
Armor: Scale mail        |    22 |    16 ||    38
       Chain mail        |       |    24 ||    24
Dodge: Dodged            |    20 |    16 ||    36
Block: Buckler           |     6 |       ||     6
       Tower shield      |    37 |    74 ||   111
